 Dungeon Crawl Stone Soup version 0.29-a0-398-ge13fd1374b (webtiles) character file.

Game seed: 8955234287113407275

193 zeratav the Digger (level 5, -7/31 HPs)
             Began as an Octopode Earth Elementalist on May 12, 2022.
             Mangled by Blork the orc
             ... wielding a +0 long sword
              (13 damage)
             ... on level 4 of the Dungeon.
             The game lasted 00:04:32 (3760 turns).

zeratav the Digger (Octopode Earth Elementalist)    Turns: 3760, Time: 00:04:32

Health: -7/31      AC:  1    Str:  7    XL:     5   Next: 72%
Magic:  2/10       EV: 13    Int: 19    God:
Gold:   177        SH:  0    Dex: 19    Spells: 9/10 levels left

rFire   . . .      SeeInvis .   h - staff of earth {staff}
rCold   . . .      Faith    .   (no shield)
rNeg    . . .      Spirit   .   (helmet restricted)
rPois   .          Reflect  .   (no amulet)
rElec   .          Harm     .   m - +6 ring of dexterity
rCorr   .          Rampage  .   (no ring)
Will    .....                   (no ring)
Stlth   +++.......              (no ring)
HPRegen 0.10/turn               (no ring)
MPRegen 0.12/turn               (no ring)
                                (no ring)
                                (no ring)

@: lethally poisoned (-7 -> -13)
A: almost no armour, amphibious, 8 rings, camouflage 1, gelatinous body 1,
(nimble swimmer 1), tentacles
a: no special abilities


You were on level 4 of the Dungeon.
You visited 1 branch of the dungeon, and saw 4 of its levels.

You collected 177 gold pieces.


Innate Abilities, Weirdness & Mutations

You cannot wear most types of armour.
You are amphibious.
You can wear up to eight rings at the same time.
Your skin changes colour to match your surroundings (Stealth+).
Your rubbery body absorbs attacks. (AC +1, EV +1)
((You are camouflaged when in or above water. (Stealth+)))
You have tentacles for arms and can constrict up to eight enemies at once.


   Skills:
 - Level 2.0 Dodging
 - Level 2.6 Stealth
 + Level 3.3 Spellcasting
 - Level 1.0 Transmutations
 * Level 5.4 Earth Magic


You had 9 spell levels left.
You knew the following spells:

 Your Spells              Type           Power      Damage    Failure   Level
a - Sandblast             Erth           70%        2d15      1%          1

Your spell library contained the following spells:

 Spells                   Type           Power      Damage    Failure   Level
 Passwall                 Tmut/Erth      19%        N/A       6%          2
 Apportation              Tloc           6%         N/A       14%         1
 Freeze                   Ice            12%        1d4       14%         1
 Stone Arrow              Conj/Erth      40%        3d9       14%         3
 Petrify                  Tmut/Erth      23%        N/A       36%         4
 Frozen Ramparts          Ice            6%         1d2       41%         3
 Hailstorm                Conj/Ice       3%         3d3       82%         4
 Olgreb's Toxic Radiance  Pois           3%         N/A       82%         4
 Alistair's Intoxication  Tmut/Pois      3%         N/A       97%         5
 Ozocubu's Refrigeration  Ice            1%         4d5       100%        7
 Ignition                 Fire           1%         3d3       100%        8

Inventory:

Missiles
 a - 87 stones {throwing}
Magical Staves
 h - a staff of earth (weapon) {staff}
   (You found it on level 1 of the Dungeon)
Jewellery
 g - an amulet of faith {!P}
   (You found it on level 1 of the Dungeon)
 m - a +6 ring of dexterity (left tentacle)
   (You found it on level 2 of the Dungeon)
Wands
 r - a wand of iceblast (7)
   (You found it on level 3 of the Dungeon)
Scrolls
 c - a scroll of fear {unknown}
 e - 3 scrolls of teleportation {unknown}
 f - a scroll of summoning {unknown}
 j - 2 scrolls of blinking {unknown}
 n - 2 scrolls of magic mapping {unknown}
 o - 2 scrolls of noise {unknown}
 p - a scroll of enchant weapon {unknown}
Potions
 b - a potion of magic
 d - a potion of brilliance {unknown}
 i - a potion of mutation {unknown}
 k - a potion of might {unknown}
 l - a potion of heal wounds {unknown}
 q - a potion of curing {unknown}

Dungeon Overview and Level Annotations

Branches:
Dungeon (4/15)
 Temple: D:4-7

Altars:
Kikubaaqudgha

Annotations:
D:4 Blork the orc

#
#########.#
#.........#
#.........(
#...o....#
#..@S....#
#........#
#........#
#........#
#...###..#
#..## #.#
#.. #.# ...
..


You could see Blork the orc and an adder.


Message History

There are monsters nearby!
An orc comes into view. It is wielding a +0 hand axe.
Found a stone staircase leading up.
You feel a surge of power!
The blast of sand hits the orc!
The orc shouts!
MP[-1]
You lost 1 mp, and now have 8/9 mp.
You feel a surge of power!
The blast of sand hits the orc!
You kill the orc!
MP[-1]
You lost 1 mp, and now have 7/9 mp.
You feel a surge of power!
The blast of sand hits the orc!!
You kill the orc!
MP[-1]
You lost 1 mp, and now have 6/9 mp.
You feel a surge of power!
The blast of sand hits the orc!!
You kill the orc!
MP[-1]
You lost 1 mp, and now have 5/9 mp.
You can't see any susceptible monsters within range! (Use Z to cast anyway.)
Items here: ))) [[ †.
MP[+4]
Your mp is fully restored (9).
There is a stone staircase leading up here.
You see here a +0 spear {polearm}.
You see here a +0 spear {polearm}.
Done exploring.
Done exploring.
(D) Dungeon
Where to? (Enter - D:3, ? - help)
There is a stone staircase leading down here.
You climb downwards.
There is a stone staircase leading up here.
There are monsters nearby!
You feel a surge of power!
The blast of sand hits the scorpion.
Blork the orc shouts!
The adder hisses angrily.
The scorpion barely misses you. Blork the orc barely misses you.
MP[-1]
You lost 1 mp, and now have 8/9 mp.
You feel a surge of power!
The blast of sand hits the scorpion.
The scorpion misses you. Blork the orc closely misses you.
MP[-1]
You lost 1 mp, and now have 7/9 mp.
You feel a surge of power!
The blast of sand hits the scorpion.
The scorpion stings you.
You are poisoned.
The scorpion poisons you!
Blork the orc points at you and mumbles some strange words.
The puff of frost misses you.
HP[-5] MP[-1]
You take 5 damage, and now have 26/31 hp.
You lost 1 mp, and now have 6/9 mp.
You feel a surge of power!
The blast of sand hits the scorpion!
You kill the scorpion!
You feel sick. The ball python bites you. The ball python misses you.
Blork the orc hits you with a +0 long sword.
* * * LOW HITPOINT WARNING * * *
Your Earth Magic skill increases to level 5!
HP[-11] MP[-1]
You take 11 damage, and now have 15/31 hp.
MASSIVE DAMAGE!! (PAUSE)
You are too injured to fight recklessly!
Unknown command.
Casting: Sandblast (safe; 1% risk of failure)
Confirm with . or Enter, or press ? or * to list all spells.
Aiming: Sandblast (safe; 1% risk of failure)
Press: ? - help, Shift-Dir - straight line, f - ball python
Aim: a ball python (80% to hit)
You feel a surge of power!
The blast of sand hits the ball python!!
You kill the ball python!
You feel sick.
Blork the orc hits you with a +0 long sword.
* * * LOW HITPOINT WARNING * * *
HP[-6] MP[-1]
You take 6 damage, and now have 9/31 hp.
You lost 1 mp, and now have 4/10 mp.
Casting: Sandblast (safe; 1% risk of failure)
Confirm with . or Enter, or press ? or * to list all spells.
Aiming: Sandblast (safe; 1% risk of failure)
Press: ? - help, Shift-Dir - straight line, f - Blork the orc
Aim: Blork the orc, wielding a +0 long sword and wearing a +0 robe (84% to hit)
You feel a surge of power!
The blast of sand hits Blork the orc!
You feel sick. The adder closely misses you.
Blork the orc miscasts a cantrip.
HP[-1] MP[-1]
You take 1 damage, and now have 8/31 hp.
You lost 1 mp, and now have 3/10 mp.
Casting: Sandblast (safe; 1% risk of failure)
Confirm with . or Enter, or press ? or * to list all spells.
Aiming: Sandblast (safe; 1% risk of failure)
Press: ? - help, Shift-Dir - straight line, f/p - Blork the orc
Aim: Blork the orc, wielding a +0 long sword and wearing a +0 robe (heavily wounded, 84% to hit)
You feel a surge of power!
The blast of sand hits Blork the orc!
You feel sick. The adder bites you.
* * * LOW HITPOINT WARNING * * *
You are lethally poisoned!
The adder poisons you! The adder completely misses you.
Blork the orc hits you with a +0 long sword!
You die...

Skill      XL: |  1  2  3  4  5 |
---------------+----------------+-----
Earth Magic    | 4 5 |  5.4
Spellcasting   | 3 |  3.3
Dodging        | |  2.0
Stealth        | |  2.6
Transmutations | |  1.0

Action                   |  1- 3 |  4- 6 || total
-------------------------+-------+-------++-------
Melee: Falchion          |     7 |       ||     7
       Tentacles         |    14 |     1 ||    15
       Constrict         |    14 |       ||    14
       Staff             |    42 |     5 ||    47
 Cast: Sandblast         |    23 |    48 ||    71
 Stab: Sleeping          |     4 |     1 ||     5
Armor: Skin              |     4 |     2 ||     6
Dodge: Dodged            |    34 |    21 ||    55

Levels and vault maps discovered:
D:1:      dpeg_arrival_snail, layout_loops_ring, minivault_23
D:2:      layout_basic, nrook_mini_vaults
D:3:      layout_rooms, mainiacjoe_overflow_boulevard, nicolae_wormholes
D:4:      layout_loops_ring, minmay_temple_entry_wispy, abandoned_shop,
          uniq_pikel, uniq_blork_the_orc

Notes
Turn   | Place    | Note
-------+----------+-------------------------------------------
     0 | D:1      | zeratav the Octopode Earth Elementalist began the quest for
                  | the Orb.
     0 | D:1      | Reached XP level 1. HP: 11/11 MP: 3/3
     0 | D:1      | magus.rc [v1.9.6]
    87 | D:1      | You pick up a book of Frost and begin reading...
    87 | D:1      | You add the spells Freeze, Frozen Ramparts and Hailstorm to
                  | your library.
   228 | D:1      | HP: 1/11 [quokka (2)]
   542 | D:1      | Reached XP level 2. HP: 17/17 MP: 3/5
  1002 | D:1      | Reached XP level 3. HP: 21/21 MP: 1/6
  1247 | D:1      | HP: 5/21 [hobgoblin (4)]
  1250 | D:1      | HP: 2/21 [hobgoblin (4)]
  1539 | D:1      | Reached skill level 4 in Earth Magic
  2209 | D:2      | You pick up a book of Party Tricks and begin reading...
  2209 | D:2      | You add the spells Apportation and Alistair's Intoxication
                  | to your library.
  2275 | D:2      | You add the spells Olgreb's Toxic Radiance, Ozocubu's
                  | Refrigeration and Ignition to your library.
  2473 | D:2      | Reached XP level 4. HP: 21/27 MP: 8/8
  3132 | D:3      | Found an ancient bone altar of Kikubaaqudgha.
  3363 | D:3      | Reached skill level 3 in Spellcasting
  3431 | D:3      | Reached XP level 5. HP: 30/31 MP: 6/9
  3753 | D:4      | Noticed Blork the orc
  3758 | D:4      | Reached skill level 5 in Earth Magic
  3760 | D:4      | HP: 7/31 [poisoned by a scorpion]
  3760 | D:4      | Mangled by Blork the orc

Vanquished Creatures
  A scorpion (D:4)
  4 adders
  4 worms (D:3)
  A dart slug (D:3)
  4 orcs (D:3)
  5 ball pythons
  6 bats
  5 endoplasms
  4 giant cockroaches
  4 goblins
  10 hobgoblins
  6 jackals (D:1)
  6 quokkas
  4 frilled lizards
  3 kobolds
  4 rats
71 creatures vanquished.

Vanquished Creatures (others)
  A fungus (D:3)
1 creature vanquished.

Grand Total: 72 creatures vanquished

Table legend:
 A = Non-vault XP
 B = Vault XP
 C = Vault XP percentage of total XP
 D = Non-vault monster count
 E = Vault monster count
 F = Vault count percentage of total count
                 A         B        C        D         E       F
            +---------+---------+-------+---------+---------+-------
      Total |     257 |      20 |   7.2 |      67 |       4 |   5.6
            +---------+---------+-------+---------+---------+-------
        D:1 |      59 |       0 |   0.0 |      33 |       0 |   0.0
        D:2 |      46 |       0 |   0.0 |       8 |       0 |   0.0
        D:3 |      59 |      20 |  25.3 |      24 |       4 |  14.3
        D:4 |      93 |       0 |   0.0 |       2 |       0 |   0.0
            +---------+---------+-------+---------+---------+-------

Illustrated notes

Table legend:
 A = Kills in this place as a percentage of kills in entire the game.
 B = Kills by you in this place as a percentage of kills by you in the entire game.
 C = Kills by friends in this place as a percentage of kills by friends in the entire game.
 D = Other kills in this place as a percentage of other kills in the entire game.
 E = Experience gained in this place as a percentage of experience gained in the entire game.
 F = Experience gained in this place divided by the number of levels of this place that you have seen.
                   A       B       C       D       E      F
               +-------+-------+-------+-------+-------+----------------------
         Total | 100.0 | 100.0 |   N/A |   N/A | 100.0 |  69.2
       Dungeon | 100.0 | 100.0 |   N/A |   N/A | 100.0 |  69.2
               +-------+-------+-------+-------+-------+----------------------

Table legend: (Time is in decaauts)
 A = Elapsed time spent in this place.
 B = Non-inter-level travel time spent in this place.
 C = Inter-level travel time spent in this place.
 D = Time resting spent in this place.
 E = Time spent auto-exploring this place.
 F = Levels seen in this place.
 G = Mean time per level.
                   A        B        C        D        E       F      G
               +--------+--------+--------+--------+--------+-----+--------+
         Total |   3768 |   3622 |    146 |    841 |   2408 |   4 |  942.0 |
       Dungeon |   3768 |   3622 |    146 |    841 |   2408 |   4 |  942.0 |
               +--------+--------+--------+--------+--------+-----+--------+

Top non-repeatable levels by time:
     D:1: 1954 daAuts
     D:2: 948 daAuts
     D:3: 858 daAuts
     D:4: 6 daAuts
